 Dungeon Crawl Stone Soup version 0.31-a0-145-g046c7d2549 (webtiles) character file.

Game seed: 17108419942108599410

262254 qw the Slayer (level 19, -7/198 HPs)
             Began as a Minotaur Hunter on June 7, 2023.
             Was an Elder of Okawaru.
             Shot with a bolt by a yaktaur captain (37 damage)
             ... on level 3 of the Vaults.
             The game lasted 00:18:20 (34571 turns).

qw the Slayer (Minotaur Hunter)                    Turns: 34571, Time: 00:18:20

Health: -7/198     AC: 13    Str: 17    XL:     19   Next: 60%
Magic:  25/25      EV: 34    Int:  6    God:    Okawaru [****..]
Gold:   2977       SH:  0    Dex: 27    Spells: 18/18 levels left

rFire   . . .        r - +9 longbow (flame)
rCold   . . .        (shield currently unavailable)
rNeg    . . .        B - +2 swamp dragon scales
rPois   +            q - +2 hat
rElec   .            y - scarf {repulsion}
rCorr   .            g - +2 pair of gloves
SInv    .            j - +2 pair of boots
Will    +....        m - amulet of faith
Stlth   +++          e - +6 ring of dexterity
HPRegen 0.53/turn    n - +4 ring of protection
MPRegen 0.19/turn

%: repel missiles, faith
@: about to teleport, heroic, marked, corroded
A: horns 2, retaliatory headbutt
}: 1/15 runes: decaying
a: Renounce Religion, Heroism, Finesse


You were on level 3 of the Vaults.
You worshipped Okawaru.
Okawaru was greatly pleased with you.
You visited 7 branches of the dungeon, and saw 33 of its levels.
You visited the Abyss 1 time.

You collected 4219 gold pieces.
You spent 1242 gold pieces at shops.


Innate Abilities, Weirdness & Mutations

You have a pair of horns on your head.
You reflexively headbutt those who attack you in melee.


   Skills:
 + Level 23.7(27) Fighting
 - Level 20.0(25.0) Ranged Weapons
 - Level 16.0(21.0) Armour
 - Level 20.0(25.0) Dodging
 - Level 0.7(5.7) Stealth
 - Level 10.0 Invocations


You had 18 spell levels left.
You didn't know any spells.
Your spell library was empty.

Inventory:

Hand Weapons
 r - a +9 longbow of flaming (weapon)
Armour
 a - a +0 troll leather armour
 d - a +2 cloak
 g - a +2 pair of gloves (worn)
 j - a +2 pair of boots (worn)
 l - the +3 leather armour of the Red Skies {Rampage rC+}
   (You found it on level 5 of the Lair of Beasts)

   rC:        It protects you from cold.
   Rampage:   It bestows one free step when moving towards enemies.
 q - a +2 hat (worn)
 s - a +1 leather armour of fire resistance
 y - a scarf of repulsion (worn)
 A - the +3 leather armour of Ciffuhap {Harm Drain rF+ Int+4}
   (You bought it in a shop on level 2 of the Orcish Mines)

   Int:       It affects your intelligence (+4).
   rF:        It protects you from fire.
   Drain:     It drains your maximum health when unequipped.
   Harm:      It increases damage dealt and taken.
 B - +2 swamp dragon scales (worn)
 C - the +3 Mad Mage's Maulers {Infuse+∞ VampMP -Cast}
   (Okawaru gifted it to you on level 3 of the Swamp)

   Infuse+∞: It empowers its wearer's blows with all of their magic.
   VampMP:    Blows struck in melee replenish the wearer's magic.
   -Cast:     It prevents spellcasting.
Jewellery
 e - a +6 ring of dexterity (left hand)
 m - an amulet of faith (around neck)
 n - a +4 ring of protection (right hand)
 v - a ring of protection from fire
 z - the amulet of the Solemn Plum {Reflect rPois rC+ rN+++ Dex-4 SH+5}
   (You acquired it on level 1 of the Swamp)

   [amulet of reflection]

   It reflects blocked missile attacks.
   Dex:       It affects your dexterity (-4).
   rC:        It protects you from cold.
   rPois:     It protects you from poison.
   rN:        It renders you almost immune to negative energy.
   SH:        It affects your SH (+5).
 D - an amulet of reflection
Wands
 h - a wand of digging (17)
Scrolls
 f - 19 scrolls of identify
Potions
 b - 12 potions of curing
 c - a potion of resistance
 i - 3 potions of mutation
 p - 3 potions of haste
 t - 7 potions of cancellation
 u - a potion of magic
 w - 3 potions of might

Dungeon Overview and Level Annotations

Branches:
Dungeon (15/15)            Temple (1/1) D:7            Lair (5/5) D:9
  Swamp (4/4) Lair:3       Spider (3/4) Lair:3        Slime (0/5) Lair:4
    Orc (2/2) D:12            Elf (0/3) Orc:2        Vaults (3/5) D:13
  Crypt (0/3) Vaults:3     Depths (0/4) D:15

Altars:
Ashenzari
Cheibriados
Dithmenos
Elyvilon
Fedhas
Gozag
Hepliaklqana
Kikubaaqudgha
Makhleb
Nemelex Xobeh
Okawaru
Qazlal
Ru
Sif Muna
Trog
Uskayaw
Vehumet
Wu Jian
Xom
Yredelemnul
Zin
The Shining One
Jiyva
Lugonu

Shops:
D:2 [   D:4 :   D:5 (   D:6 *?[[   D:10 *   Orc:2 ([[:   Vaults:1 *

Portals:
Abyss: D:4 Lair:5

Annotations:
D:3 3 runed translucent doors, qw's ghost, amateur GrFi
D:4 2 runed translucent doors
D:11 1 runed translucent door, qw's ghost, journeyman GrFi
Lair:1 1 runed translucent door, qw's ghost, journeyman MiHu
Lair:5 2 transporters, qw's ghost, journeyman GrFi


Message History

You feel strangely unstable.
You shoot an arrow. The arrow hits the dire elephant!!
The arrow burns the dire elephant.
The dire elephant is moderately wounded.
The dire elephant misses you. You furiously retaliate!
You headbutt the dire elephant!
The dire elephant trunk-slaps you but does no damage.
You shoot an arrow. The arrow hits the dire elephant.
The arrow burns the dire elephant.
The dire elephant is moderately wounded.
You shoot an arrow.
The arrow hits the dire elephant but does no damage.
The dire elephant is moderately wounded.
The dire elephant tramples you but does no damage.
The dire elephant completely misses you.
You shoot an arrow.
The arrow hits the dire elephant but does no damage.
The dire elephant is moderately wounded.
Your surroundings suddenly seem different.
The yaktaur shoots a bolt.
The bolt closely misses you.
The yaktaur captain shoots a bolt.
The bolt hits you!!
Enter note:
Enter note:
Enter note:
Enter note:
Enter note:
Enter note:
Enter note:
Enter note:
Enter note:
34570 ||| READING scroll of teleportation.
As you read the scroll of teleportation, it crumbles to dust.
You feel strangely unstable.
The vault sentinel blows a loud note on a signal horn!
The yaktaur captain shoots a bolt.
The bolt is repelled.
The yaktaur shoots a bolt.
The bolt completely misses you.
You shoot an arrow. The arrow hits the yaktaur!
The arrow burns the yaktaur.
The yaktaur is heavily wounded.
The yaktaur captain shoots a bolt.
The bolt hits you!!!
You die...

#......# ## #......# .##
#......#. # ...##
#......'.
##########......###......#
...p...).##'#.....#......#
.........'.p''#..)#......#
.........#....'..['[).%..#
.........#....'.@.####'###
.........#....#..%# #...##
......?..#.. #)..# #....##
########## #.^..c#
#.....## .....c###
##.....## ....## ##.....##
..## ##.....## ##
##.....## ##.....#


You could see a yaktaur captain (strong), a vault sentinel and a yaktaur.

Vanquished Creatures
  Frederick (Vaults:3)
  Saint Roka (Vaults:1)
  Nikola (Spider:3)
  Rupert (Spider:1)
  Zenata (Vaults:1)
  Frances (Spider:1)
  3 thorn hunters (Swamp:4)
  Donald (Swamp:1)
  4 vault wardens (Vaults:2)
  2 fenstrider witches
  A fire giant (D:15)
  2 ghost moths
  Louise (Swamp:1)
  A ghoul (Vaults:3)
  A formless jellyfish (Vaults:2)
  10 eleionomae
  A very ugly thing (Abyss:2)
  8 ironbound preservers
  A broodmother (Spider:2)
  Nessos (Lair:4)
  5 dire elephants (Vaults:2)
  5 bunyips
  Snorg (Orc:1)
  A deep elf death mage (Vaults:3)
  8 entropy weavers
  7 yaktaur captains
  A rakshasa (D:13)
  An ogre mage (D:15)
  7 great orbs of eyes
  3 vault guards
  16 hydras
  An ice dragon (Swamp:4)
  5 ironbound frosthearts
  A ghost crab (Swamp:3)
  9 centaur warriors
  12 alligators
  4 catoblepae (Lair:5)
  4 boulder beetles
  2 two-headed ogres
  20 death yaks
  3 hell hogs (Abyss:2)
  A vampire mage (Vaults:3)
  An orc high priest (Orc:2)
  A thrashing horror (Abyss:2)
  A soul eater (D:14)
  8 demonic crawlers
  2 sun demons (Abyss:2)
  Nergalle (Lair:1)
  Urug (Lair:2)
  Sonja (Lair:5)
  2 tengu warriors
  A wretched star (Abyss:2)
  3 pharaoh ants
  4 skysharks
  Amaemon (Lair:1)
  2 death drakes (Swamp:4)
  3 sun moths
  2 spriggan druids (Swamp:4)
  A sixfirhy (Abyss:2)
  14 skeletal warriors
  5 goliath frogs
  3 orb spiders
  29 deep trolls
  3 deep elf pyromancers
  6 bog bodies
  11 orc knights
  7 ironbound convokers
  8 wizards
  12 swamp dragons
  6 lindwurms
  9 steelbarb worms
  2 necromancers
  4 manticores
  8 cyclopes
  5 will-o-the-wisps
  2 oklob plants
  26 ugly things
  3 orc sorcerers
  17 wolf spiders
  2 worldbinders (Abyss:2)
  A moth of wrath (Spider:2)
  7 black mambas
  9 vault sentinels
  6 torpor snails
  21 elephants
  3 smoke demons (Abyss:2)
  12 cane toads
  3 unseen horrors
  2 gargoyles (D:12)
  A rust devil (D:14)
  2 orange demons
  4 rime drakes
  2 kobold demonologists (D:9)
  15 komodo dragons
  15 yaktaurs
  An ice devil (D:14)
  An efreet (Abyss:2)
  A tengu conjurer (D:14)
  An ancient zyme (Abyss:2)
  A komodo dragon (shapeshifter) (D:14)
  18 tarantellas
  7 trolls
  A bloated husk (Swamp:4)
  3 meliai (D:15)
  2 polar bears
  3 hornets
  A merfolk (D:10)
  7 tyrant leeches
  A wolf spider simulacrum (D:15)
  A frost giant simulacrum (Vaults:2)
  4 dream sheep (Lair:5)
  17 blink frogs
  3 raiju (Abyss:2)
  17 jumping spiders
  A jumping spider (shapeshifter) (Abyss:2)
  15 slime creatures
  A deep troll skeleton (Vaults:2)
  17 culicivoras
  2 shadows
  5 spriggans
  7 wyverns
  5 steam dragons
  Grum (Lair:1)
  3 wraiths
  64 yaks
  18 humans (D:13)
  6 basilisks
  2 neqoxecs (Abyss:2)
  Edmund (D:4)
  45 redbacks
  14 vampire mosquitoes
  A chaos spawn (Abyss:2)
  11 wargs
  12 swamp worms
  An acid dragon (D:11)
  3 large abominations
  A human simulacrum (Vaults:2)
  47 orc warriors
  4 swamp drakes
  15 water moccasins
  A hornet zombie (D:8)
  4 ice beasts
  4 sky beasts
  5 centaurs
  8 ogres
  22 wolves
  2 phantoms
  3 kobold brigands (D:9)
  17 bullfrogs
  Blork the orc (D:5)
  A gnoll sergeant (D:5)
  2 wyvern zombies (D:8)
  14 wights
  2 small abominations (Abyss:2)
  6 howler monkeys
  A lava snake (D:14)
  2 centaur zombies (D:8)
  A hound (D:6)
  2 jellies
  12 orc priests
  A gnoll bouda (D:7)
  2 sleepcaps (D:4)
  An iguana (D:6)
  25 orc wizards
  7 hell rats (Lair:5)
  10 gnolls
  8 adders
  2 shadow imps
  14 white imps
  An ufetubus (D:6)
  3 worms
  A dart slug (D:1)
  107 orcs
  6 ball pythons
  2 endoplasms
  11 giant cockroaches
  8 goblins
  8 hobgoblins
  3 quokkas
  2 bats
  4 frilled lizards
  14 kobolds
  23 rats
  A lurking horror (Abyss:2)
1246 creatures vanquished.

Vanquished Creatures (others)
  A wizard (Vaults:3)
  A tarantella (Spider:3)
  A culicivora (Spider:3)
  A human (D:13)
  A redback (Spider:3)
  An orc warrior (Orc:2)
  23 foxfires
29 creatures vanquished.

Grand Total: 1275 creatures vanquished

Notes
Turn   | Place    | Note
-------+----------+-------------------------------------------
     0 | D:1      | qw the Minotaur Hunter began the quest for the Orb.
     0 | D:1      | Reached XP level 1. HP: 18/18 MP: 0/0
     0 | D:1      | 0 ||| qw: Version: 0.2-a-117-gc6b5c8b
     0 | D:1      | 0 ||| qw: Game counter: 2421
     0 | D:1      | 0 ||| qw: Always use a shield: true
     0 | D:1      | 0 ||| qw: God list: Okawaru
     0 | D:1      | 0 ||| qw: Allow faded altars: false
     0 | D:1      | 0 ||| qw: Do Orc after D:15 true
     0 | D:1      | 0 ||| qw: Do second Lair branch before Depths: true
     0 | D:1      | 0 ||| qw: Lair rune preference: random
     0 | D:1      | 0 ||| qw: Plans: Normal
     0 | D:1      | 0 ||| PLANNING D:1-11
    69 | D:1      | Reached XP level 2. HP: 25/25 MP: 1/1
   319 | D:1      | Reached skill level 3 in Fighting
   321 | D:1      | Reached XP level 3. HP: 31/31 MP: 2/2
   613 | D:1      | 613 ||| UPGRADING to +0 pair of gloves.
   618 | D:1      | 618 ||| UPGRADING to +6 ring of dexterity.
   619 | D:1      | 619 ||| READING 3 scrolls labelled XOHAHELES.
   620 | D:1      | 620 ||| READING 2 scrolls of brand weapon.
   620 | D:1      | 620 ||| BRANDING +0 heavy shortbow.
   621 | D:1      | 621 ||| READING scroll of brand weapon.
   621 | D:1      | 621 ||| BRANDING +0 shortbow of chaos.
   622 | D:1      | 622 ||| READING scroll labelled XICLOI MUESEKH.
   623 | D:1      | 623 ||| READING scroll labelled HODU FIASEU.
   624 | D:1      | 624 ||| DROPPING scroll of butterflies.
   855 | D:2      | Found Xiwu's Armour Shoppe.
   855 | D:2      | Noticed an animated pearl dragon scales
   858 | D:2      | Noticed an animated storm dragon scales
   862 | D:2      | 862 ||| UPGRADING to +0 ring mail.
   873 | D:2      | Reached skill level 1 in Armour
   911 | D:2      | 911 ||| DROPPING +0 leather armour.
   919 | D:2      | 919 ||| SHOPLISTING +1 ring mail of Masochism {rC+ Will++
                  | rCorr} (511 gold, have 62).
   919 | D:2      | 919 ||| SHOPLISTING +2 robe of the Archmagi (452 gold, have
                  | 62).
   936 | D:2      | Reached XP level 4. HP: 23/38 MP: 3/3
  1143 | D:2      | 1143 ||| UPGRADING to +0 pair of boots.
  1188 | D:2      | Found a faded altar of an unknown god.
  1559 | D:2      | 1559 ||| READING scroll labelled UFRIYR TOONN.
  1560 | D:2      | 1560 ||| READING scroll labelled HAYDUJU RAGG.
  1561 | D:2      | 1561 ||| DRINKING 2 puce potions.
  1562 | D:2      | 1562 ||| DRINKING 2 dark potions.
  1563 | D:2      | 1563 ||| DROPPING potion of degeneration.
  1805 | D:3      | Found a snail-covered altar of Cheibriados.
  1846 | D:3      | Reached skill level 6 in Ranged Weapons
  1950 | D:3      | Found a sacrificial altar of Ru.
  2064 | D:3      | Found an opulent altar of Gozag.
  2142 | D:3      | Noticed qw's ghost (amateur GrFi)
  2168 | D:3      | Found a runed translucent gate.
  2168 | D:3      | Found a runed translucent gate.
  2168 | D:3      | Found a runed translucent gate.
  2451 | D:3      | 2451 ||| READING 2 scrolls labelled GIKLOL GAMMUH.
  2481 | D:3      | 2481 ||| READING scroll labelled XYCHIJ GASSO.
  2482 | D:3      | 2482 ||| READING scroll labelled IBBUMA CEZUA.
  2483 | D:3      | 2483 ||| READING scroll labelled ZIKULI VINWYH.
  2539 | D:4      | Found a hide-covered altar of Uskayaw.
  2542 | D:4      | Noticed a phantom
  2553 | D:4      | Killed a phantom
  2554 | D:4      | Reached skill level 4 in Fighting
  2554 | D:4      | Reached XP level 5. HP: 36/47 MP: 4/4
  2626 | D:4      | Found a one-way gate to the infinite horrors of the Abyss.
  2647 | D:4      | Noticed Edmund
  2661 | D:4      | HP: 9/47 [Edmund/+1 flail of protection (8)]
  2662 | D:4      | 2662 ||| READING scroll of teleportation.
  2662 | D:4      | Killed Edmund
  2663 | D:4      | Reached XP level 6. HP: 10/53 MP: 5/5
  3034 | D:4      | Found a large runed translucent door.
  3035 | D:4      | Found a large runed translucent door.
  3036 | D:4      | Found a corrupted altar of Lugonu.
  3204 | D:4      | Found Kousy's Book Shoppe.
  3445 | D:4      | Found a basalt altar of Yredelemnul.
  3455 | D:4      | Reached skill level 3 in Dodging
  3575 | D:4      | 3575 ||| UPGRADING to +2 hat.
  3580 | D:4      | 3580 ||| UPGRADING to +4 ring of protection.
  3581 | D:4      | 3581 ||| READING scroll labelled BOVVESKEPTEOH.
  3582 | D:4      | 3582 ||| READING scroll labelled WAFE ERGHETOMU.
  3669 | D:4      | 3669 ||| DRINKING 3 pink potions.
  3721 | D:4      | 3721 ||| READING 3 scrolls of identify.
  3721 | D:4      | 3721 ||| IDENTIFYING red potion
  3722 | D:4      | 3722 ||| READING 2 scrolls of identify.
  3722 | D:4      | 3722 ||| IDENTIFYING murky dark potion
  3723 | D:4      | 3723 ||| DROPPING potion of enlightenment.
  3724 | D:4      | 3724 ||| DROPPING potion of ambrosia.
  3725 | D:4      | 3725 ||| DROPPING 2 potions of lignification.
  3739 | D:5      | Entered Level 5 of the Dungeon
  3744 | D:5      | 3744 ||| STAIRDANCE
  3834 | D:5      | 3834 ||| STAIRDANCE
  3946 | D:5      | 3946 ||| STAIRDANCE
  4034 | D:5      | 4034 ||| STAIRDANCE
  4103 | D:5      | 4103 ||| STAIRDANCE
  4164 | D:5      | 4164 ||| STAIRDANCE
  4227 | D:5      | 4227 ||| STAIRDANCE
  4287 | D:5      | 4287 ||| STAIRDANCE
  4347 | D:5      | 4347 ||| STAIRDANCE
  4405 | D:5      | 4405 ||| STAIRDANCE
  4456 | D:5      | 4456 ||| STAIRDANCE
  4503 | D:5      | 4503 ||| STAIRDANCE
  4580 | D:5      | 4580 ||| STAIRDANCE
  4649 | D:5      | 4649 ||| STAIRDANCE
  4721 | D:5      | 4721 ||| STAIRDANCE
  4777 | D:5      | Reached XP level 7. HP: 51/60 MP: 6/6
  4777 | D:5      | 4777 ||| STAIRDANCE
  4855 | D:5      | Found a radiant altar of Vehumet.
  4905 | D:5      | Noticed Blork the orc
  4913 | D:5      | Killed Blork the orc
  4916 | D:5      | Reached skill level 5 in Fighting
  5099 | D:5      | Reached skill level 9 in Ranged Weapons
  5168 | D:5      | Found Ymnaleimn's Weapon Shoppe.
  5172 | D:5      | 5172 ||| BUYING +0 longbow (91 gold).
  5172 | D:5      | Bought a +0 longbow for 91 gold pieces
  5172 | D:5      | 5172 ||| SWAPPING to +0 longbow.
  5366 | D:5      | 5366 ||| UPGRADING to amulet of the acrobat.
  5371 | D:5      | 5371 ||| UPGRADING to amulet of faith.
  5381 | D:5      | 5381 ||| DROPPING ring of wizardry.
  5382 | D:5      | 5382 ||| READING scroll labelled NIX ENIEQOX.
  5383 | D:5      | 5383 ||| READING 4 scrolls of identify.
  5383 | D:5      | 5383 ||| IDENTIFYING purple potion
  5384 | D:5      | 5384 ||| READING 3 scrolls of identify.
  5384 | D:5      | 5384 ||| IDENTIFYING bubbling blue potion
  5385 | D:5      | 5385 ||| READING 2 scrolls of identify.
  5385 | D:5      | 5385 ||| IDENTIFYING fizzy ruby potion
  5386 | D:5      | 5386 ||| DROPPING potion of berserk rage.
  5387 | D:5      | 5387 ||| DROPPING potion of brilliance.
  5484 | D:6      | Found Zuisig's Armour Shoppe.
  5498 | D:6      | 5498 ||| BUYING +1 cloak (138 gold).
  5498 | D:6      | Bought a +1 cloak for 138 gold pieces
  5498 | D:6      | 5498 ||| SHOPLISTING +2 leather armour of cold resistance
                  | (228 gold, have 58).
  5505 | D:6      | Reached XP level 8. HP: 70/70 MP: 7/7
  5518 | D:6      | Reached skill level 6 in Fighting
  5568 | D:6      | Found Xymer's Magic Scroll Shop.
  5571 | D:6      | Found Kasmeq's General Store.
  5577 | D:6      | 5577 ||| BUYING 2 scrolls of identify (52 gold).
  5577 | D:6      | Bought 2 scrolls of identify for 52 gold pieces
  5577 | D:6      | 5577 ||| SHOPLISTING scroll of enchant weapon (97 gold,
                  | have 6).
  5577 | D:6      | 5577 ||| SHOPLISTING scroll of identify (26 gold, have 6).
  5592 | D:6      | 5592 ||| SHOPLISTING scroll of enchant weapon (82 gold,
                  | have 6).
  5592 | D:6      | 5592 ||| SHOPLISTING scroll of identify (22 gold, have 6).
  5647 | D:6      | Found Qoucwoan's Antique Armour Boutique.
  5818 | D:6      | 5818 ||| UPGRADING to +1 cloak.
  5823 | D:6      | 5823 ||| DROPPING ring of flight.
  5824 | D:6      | 5824 ||| DRINKING 2 glowing coppery potions.
  5825 | D:6      | 5825 ||| READING 3 scrolls of identify.
  5825 | D:6      | 5825 ||| IDENTIFYING fuming emerald potion
  5826 | D:6      | 5826 ||| READING 2 scrolls of identify.
  5826 | D:6      | 5826 ||| IDENTIFYING ruby potion
  5827 | D:6      | 5827 ||| DROPPING potion of attraction.
  5863 | D:7      | Found a staircase to the Ecumenical Temple.
  5864 | D:7      | 5864 ||| PLANNING TEMPLE
  5886 | D:7      | Reached skill level 3 in Armour
  5908 | Temple   | Entered the Ecumenical Temple
  5919 | Temple   | 5919 ||| PLANNING D:1-11
  6120 | D:7      | Reached skill level 7 in Fighting
  6464 | D:7      | Reached XP level 9. HP: 72/79 MP: 8/8
  6562 | D:7      | Found an ancient bone altar of Kikubaaqudgha.
  6616 | D:7      | Found a broken altar of Ashenzari.
  7018 | D:7      | 7018 ||| UPGRADING to +0 steam dragon scales.
  7028 | D:7      | 7028 ||| DROPPING +0 ring mail.
  7029 | D:7      | 7029 ||| READING scroll labelled PAQESCHATAM.
  7030 | D:7      | 7030 ||| READING scroll labelled UMYDAX ACUHOBU.
  7030 | D:7      | Identified a scroll of acquirement
  7030 | D:7      | 7030 ||| ACQUIRING 1183 gold pieces
  7030 | D:7      | Acquired 1183 gold pieces
  7032 | D:7      | 7032 ||| READING 3 scrolls of identify.
  7032 | D:7      | 7032 ||| IDENTIFYING murky black potion
  7159 | D:8      | Noticed a cyan ugly thing
  7167 | D:8      | Killed a cyan ugly thing
  7171 | D:8      | Noticed a tengu warrior
  7179 | D:8      | Killed a tengu warrior
  7297 | D:8      | Reached skill level 12 in Ranged Weapons
  7389 | D:8      | Reached skill level 8 in Fighting
  7477 | D:8      | Reached XP level 10. HP: 88/88 MP: 9/9
  7892 | D:8      | 7892 ||| READING scroll labelled LOSAECVU TIMN.
  7893 | D:8      | 7893 ||| READING scroll labelled BUMASO DOERR.
  7895 | D:8      | 7895 ||| Stepping ~*~*~tactically~*~*~ (cloud).
  8067 | D:9      | Found an iron altar of Okawaru.
  8068 | D:9      | 8068 ||| PLANNING OKAWARU WORSHIP
  8068 | D:9      | 8068 ||| DROPPING amulet of guardian spirit.
  8069 | D:9      | 8069 ||| READING scroll labelled HUNKIROIRU.
  8177 | D:9      | Became a worshipper of Warmaster Okawaru
  8177 | D:9      | 8177 ||| PLANNING D:1-11
  8321 | D:9      | Reached * piety under Okawaru
  8329 | D:9      | Reached skill level 1 in Invocations
  8337 | D:9      | 8337 ||| INVOKING Heroism.
  8342 | D:9      | Reached skill level 9 in Fighting
  8344 | D:9      | Reached ** piety under Okawaru
  8350 | D:9      | Reached skill level 3 in Invocations
  8354 | D:9      | HP: 16/91 [something/magic dart (9)]
  8355 | D:9      | 8355 ||| READING scroll of teleportation.
  8356 | D:9      | 8356 ||| DRINKING potion of heal wounds.
  8357 | D:9      | 8357 ||| INVOKING Heroism.
  8357 | D:9      | Found a staircase to the Lair.
  8381 | D:9      | 8381 ||| INVOKING Heroism.
  8396 | D:9      | 8396 ||| INVOKING Heroism.
  8397 | D:9      | 8397 ||| FLEEEEING.
  8462 | D:9      | 8462 ||| FLEEEEING.
  8463 | D:9      | 8463 ||| FLEEEEING.
  8464 | D:9      | 8464 ||| FLEEEEING.
  8465 | D:9      | 8465 ||| FLEEEEING.
  8466 | D:9      | 8466 ||| INVOKING Heroism.
  8670 | D:9      | 8670 ||| Stepping ~*~*~tactically~*~*~ (outnumbered).
  8679 | D:9      | Noticed a rust devil
  8695 | D:9      | Noticed a soul eater
  8961 | D:9      | 8961 ||| INVOKING Heroism.
  9140 | D:9      | 9140 ||| PLANNING LAIR
  9140 | D:9      | 9140 ||| UPGRADING to +0 troll leather armour.
  9150 | D:9      | 9150 ||| DROPPING +0 steam dragon scales.
  9207 | Lair:1   | Entered Level 1 of the Lair of Beasts
  9207 | Lair:1   | Noticed a cane toad
  9208 | Lair:1   | 9208 ||| INVOKING Heroism.
  9212 | Lair:1   | Killed a cane toad
  9259 | Lair:1   | Noticed a black mamba
  9260 | Lair:1   | 9260 ||| INVOKING Heroism.
  9266 | Lair:1   | Reached XP level 11. HP: 92/97 MP: 10/13
  9267 | Lair:1   | Reached *** piety under Okawaru
  9289 | Lair:1   | 9289 ||| INVOKING Heroism.
  9349 | Lair:1   | Noticed Amaemon
  9350 | Lair:1   | 9350 ||| INVOKING Heroism.
  9354 | Lair:1   | Reached skill level 10 in Fighting
  9358 | Lair:1   | Killed Amaemon
  9428 | Lair:1   | Reached **** piety under Okawaru
  9435 | Lair:1   | 9435 ||| INVOKING Heroism.
  9442 | Lair:1   | Reached skill level 15 in Ranged Weapons
  9563 | Lair:1   | 9563 ||| INVOKING Heroism.
  9585 | Lair:1   | Noticed Grum
  9591 | Lair:1   | 9591 ||| INVOKING Heroism.
  9595 | Lair:1   | Killed Grum
  9648 | Lair:1   | Noticed Nergalle
  9650 | Lair:1   | 9650 ||| INVOKING Heroism.
  9658 | Lair:1   | Killed Nergalle
  9719 | Lair:1   | Found a runed translucent door.
  9726 | Lair:1   | Noticed qw's ghost (journeyman MiHu)
  9727 | Lair:1   | Identified the +1 trident of Valour {venom, rN+++ Will++
                  | Str-5}
  9913 | Lair:1   | Reached skill level 9 in Dodging
 10076 | Lair:2   | 10076 ||| INVOKING Heroism.
 10080 | Lair:2   | Reached skill level 6 in Invocations
 10133 | Lair:2   | 10133 ||| INVOKING Heroism.
 10182 | Lair:2   | 10182 ||| INVOKING Heroism.
 10224 | Lair:2   | 10224 ||| INVOKING Heroism.
 10317 | Lair:2   | Noticed Urug
 10318 | Lair:2   | 10318 ||| INVOKING Heroism.
 10336 | Lair:2   | Reached XP level 12. HP: 67/106 MP: 14/16
 10340 | Lair:2   | Killed Urug
 10451 | Lair:2   | Reached ***** piety under Okawaru
 10472 | Lair:2   | Received a gift from Okawaru
 10492 | Lair:2   | 10492 ||| INVOKING Heroism.
 10686 | Lair:2   | Noticed a four-headed hydra
 10687 | Lair:2   | 10687 ||| INVOKING Heroism.
 10688 | Lair:2   | 10688 ||| INVOKING Finesse.
 10694 | Lair:2   | Killed a four-headed hydra
 10785 | Lair:2   | Reached skill level 9 in Invocations
 10969 | Lair:2   | 10969 ||| DROPPING ring of ice.
 10978 | Lair:3   | 10978 ||| INVOKING Heroism.
 10998 | Lair:3   | Noticed a death yak
 10998 | Lair:3   | Noticed a death yak
 10999 | Lair:3   | 10999 ||| INVOKING Finesse.
 11003 | Lair:3   | Noticed a four-headed hydra
 11007 | Lair:3   | Killed a death yak
 11007 | Lair:3   | Received a gift from Okawaru
 11008 | Lair:3   | Reached skill level 11 in Fighting
 11009 | Lair:3   | Noticed a death yak
 11014 | Lair:3   | Noticed a death yak
 11016 | Lair:3   | Killed a death yak
 11018 | Lair:3   | Noticed a death yak
 11020 | Lair:3   | 11020 ||| SWAPPING to +1 shortbow of flaming.
 11022 | Lair:3   | Noticed a death yak
 11024 | Lair:3   | Killed a four-headed hydra
 11025 | Lair:3   | 11025 ||| SWAPPING to +0 longbow.
 11034 | Lair:3   | Killed a death yak
 11038 | Lair:3   | Killed a death yak
 11045 | Lair:3   | Killed a death yak
 11059 | Lair:3   | Killed a death yak
 11130 | Lair:3   | 11130 ||| INVOKING Heroism.
 11134 | Lair:3   | 11134 ||| Stepping ~*~*~tactically~*~*~ (cloud).
 11251 | Lair:3   | 11251 ||| INVOKING Heroism.
 11252 | Lair:3   | 11252 ||| INVOKING Finesse.
 11258 | Lair:3   | Reached XP level 13. HP: 112/116 MP: 11/19
 11309 | Lair:3   | Found a shimmering altar of Xom.
 11350 | Lair:3   | 11350 ||| INVOKING Heroism.
 11447 | Lair:3   | Found a staircase to the Swamp.
 11512 | Lair:3   | Found a frozen archway.
 11513 | Lair:3   | 11513 ||| Stepping ~*~*~tactically~*~*~ (outnumbered).
 11531 | Lair:3   | 11531 ||| Stepping ~*~*~tactically~*~*~ (outnumbered).
 11828 | Lair:3   | Found a hole to the Spider Nest.
 11963 | Lair:3   | 11963 ||| DROPPING +2 hat of intelligence.
 11964 | Lair:3   | 11964 ||| DROPPING +2 leather armour of positive energy.
 11965 | Lair:3   | 11965 ||| READING 6 scrolls of identify.
 11965 | Lair:3   | 11965 ||| IDENTIFYING fuming red potion
 12042 | Lair:4   | Received a gift from Okawaru
 12102 | Lair:4   | 12102 ||| SWAPPING to +1 longbow of flaming.
 12103 | Lair:4   | 12103 ||| DROPPING +1 shortbow of flaming.
 12104 | Lair:4   | 12104 ||| DROPPING +0 longbow.
 12216 | Lair:4   | 12216 ||| INVOKING Heroism.
 12308 | Lair:4   | Noticed Nessos
 12309 | Lair:4   | 12309 ||| INVOKING Finesse.
 12319 | Lair:4   | Killed Nessos
 12320 | Lair:4   | Reached skill level 18 in Ranged Weapons
 12366 | Lair:4   | 12366 ||| INVOKING Heroism.
 12387 | Lair:4   | 12387 ||| SWAPPING to +3 longbow of flaming.
 12388 | Lair:4   | 12388 ||| DROPPING +1 longbow of flaming.
 12399 | Lair:4   | Found a viscous altar of Jiyva.
 12400 | Lair:4   | Found a staircase to the Slime Pits.
 12427 | Lair:4   | 12427 ||| INVOKING Heroism.
 12476 | Lair:4   | 12476 ||| INVOKING Heroism.
 12477 | Lair:4   | 12477 ||| INVOKING Finesse.
 12482 | Lair:4   | Reached skill level 12 in Fighting
 12500 | Lair:4   | Reached skill level 6 in Armour
 12576 | Lair:4   | Identified the +1 plate armour of the Louse {-Cast Will+
                  | rCorr Str+3} (Okawaru gifted it to you on level 4 of the
                  | Lair of Beasts)
 12576 | Lair:4   | Received a gift from Okawaru
 12702 | Lair:4   | 12702 ||| INVOKING Heroism.
 13303 | Lair:5   | Entered Level 5 of the Lair of Beasts
 13334 | Lair:5   | Reached XP level 14. HP: 108/126 MP: 20/20
 13350 | Lair:5   | Noticed Sonja
 13351 | Lair:5   | 13351 ||| INVOKING Finesse.
 13353 | Lair:5   | Killed Sonja
 13405 | Lair:5   | Found a transporter.
 13407 | Lair:5   | Identified the +3 leather armour of the Red Skies {Rampage
                  | rC+}
 13433 | Lair:5   | 13433 ||| READING scroll of enchant armour.
 13433 | Lair:5   | 13433 ||| ENCHANTING +0 pair of gloves.
 13615 | Lair:5   | 13615 ||| INVOKING Heroism.
 13622 | Lair:5   | 13622 ||| INVOKING Finesse.
 13650 | Lair:5   | Identified the +4 arbalest "Spiderslayer" {antimagic,
                  | Will+} (Okawaru gifted it to you on level 5 of the Lair of
                  | Beasts)
 13650 | Lair:5   | Received a gift from Okawaru
 13652 | Lair:5   | Reached skill level 13 in Fighting
 13833 | Lair:5   | Noticed qw's ghost (journeyman GrFi)
 14010 | Lair:5   | 14010 ||| INVOKING Heroism.
 14180 | Lair:5   | Found a transporter.
 14296 | Lair:5   | 14296 ||| INVOKING Heroism.
 14302 | Lair:5   | Received a gift from Okawaru
 14312 | Lair:5   | 14312 ||| INVOKING Finesse.
 14385 | Lair:5   | 14385 ||| INVOKING Heroism.
 14386 | Lair:5   | 14386 ||| INVOKING Finesse.
 14451 | Lair:5   | 14451 ||| INVOKING Heroism.
 14452 | Lair:5   | 14452 ||| UPGRADING to +3 leather armour of the Red Skies
                  | {Rampage rC+}.
 14567 | Lair:5   | 14567 ||| INVOKING Heroism.
 14568 | Lair:5   | 14568 ||| INVOKING Finesse.
 14667 | Lair:5   | 14667 ||| INVOKING Heroism.
 14683 | Lair:5   | Reached skill level 12 in Dodging
 14683 | Lair:5   | 14683 ||| INVOKING Finesse.
 14686 | Lair:5   | 14686 ||| INVOKING Heroism.
 14690 | Lair:5   | Received a gift from Okawaru
 14790 | Lair:5   | 14790 ||| INVOKING Heroism.
 14793 | Lair:5   | 14793 ||| Stepping ~*~*~tactically~*~*~ (cloud).
 14816 | Lair:5   | Identified the +2 robe "Gulliuwk" {Harm Slay+3}
 14818 | Lair:5   | 14818 ||| DROPPING +2 robe "Gulliuwk" {Harm Slay+3}.
 14954 | Lair:5   | Found a blossoming altar of Fedhas.
 14976 | Lair:5   | 14976 ||| INVOKING Heroism.
 15109 | Lair:5   | 15109 ||| PLANNING D:1-11
 15220 | D:10     | Entered Level 10 of the Dungeon
 15337 | D:10     | 15337 ||| READING scroll of enchant armour.
 15337 | D:10     | 15337 ||| ENCHANTING +1 pair of gloves.
 15450 | D:10     | Found a white marble altar of Elyvilon.
 15522 | D:10     | Reached skill level 14 in Fighting
 15580 | D:10     | 15580 ||| READING scroll of enchant weapon.
 15580 | D:10     | 15580 ||| ENCHANTING +3 longbow of flaming.
 15624 | D:10     | Found Lyoxophexo's Assorted Antiques.
 15636 | D:10     | 15636 ||| BUYING lumpy fluorescent amulet (145 gold).
 15636 | D:10     | Bought a lumpy fluorescent amulet for 145 gold pieces
 15636 | D:10     | 15636 ||| BUYING scroll of identify (58 gold).
 15636 | D:10     | Bought a scroll of identify for 58 gold pieces
 15636 | D:10     | 15636 ||| BUYING scroll of identify (58 gold).
 15636 | D:10     | Bought a scroll of identify for 58 gold pieces
 15670 | D:10     | 15670 ||| Stepping ~*~*~tactically~*~*~ (outnumbered).
 15672 | D:10     | 15672 ||| Stepping ~*~*~tactically~*~*~ (outnumbered).
 15790 | D:10     | Found a bloodstained altar of Trog.
 15881 | D:10     | 15881 ||| DROPPING +2 pair of gloves.
 15882 | D:10     | 15882 ||| DROPPING amulet of the acrobat.
 15883 | D:10     | 15883 ||| READING 9 scrolls of identify.
 15883 | D:10     | 15883 ||| IDENTIFYING orange potion
 15894 | D:11     | You fall into a shaft and drop 3 floors!
 15956 | D:13     | 15956 ||| DROPPING +6 ring of intelligence.
 16222 | D:12     | Found a staircase to the Orcish Mines.
 16550 | D:11     | 16550 ||| READING scroll of enchant armour.
 16550 | D:11     | 16550 ||| ENCHANTING +0 pair of boots.
 16752 | D:11     | Found a runed translucent door.
 16752 | D:11     | Noticed qw's ghost (journeyman GrFi)
 16783 | D:11     | 16783 ||| Stepping ~*~*~tactically~*~*~ (outnumbered).
 16784 | D:11     | 16784 ||| Stepping ~*~*~tactically~*~*~ (outnumbered).
 16794 | D:11     | 16794 ||| INVOKING Heroism.
 17080 | D:11     | 17080 ||| INVOKING Heroism.
 17081 | D:11     | 17081 ||| INVOKING Finesse.
 17092 | D:11     | Reached XP level 15. HP: 139/139 MP: 14/21
 17502 | D:11     | 17502 ||| PLANNING D
 17577 | D:12     | 17577 ||| Stepping ~*~*~tactically~*~*~ (outnumbered).
 17595 | D:12     | 17595 ||| Stepping ~*~*~tactically~*~*~ (outnumbered).
 17622 | D:12     | 17622 ||| INVOKING Heroism.
 17707 | D:12     | 17707 ||| READING scroll of enchant weapon.
 17707 | D:12     | 17707 ||| ENCHANTING +4 longbow of flaming.
 17949 | D:12     | 17949 ||| INVOKING Heroism.
 18030 | D:12     | 18030 ||| INVOKING Heroism.
 18037 | D:12     | Reached skill level 15 in Fighting
 18279 | D:12     | 18279 ||| READING 11 scrolls of identify.
 18279 | D:12     | 18279 ||| IDENTIFYING sedimented puce potion
 18441 | D:13     | Found a gate to the Vaults.
 18445 | Abyss:2  | Cast into level 2 of the Abyss (a wizard)
 18453 | Abyss:2  | Identified the +10 hand crossbow of Skirmishing {flame, rF+
                  | Int+4} (Okawaru gifted it to you on level 2 of the Abyss)
 18453 | Abyss:2  | Received a gift from Okawaru
 18550 | Abyss:2  | Found a corrupted altar of Lugonu.
 18552 | Abyss:2  | 18552 ||| INVOKING Heroism.
 18554 | Abyss:2  | 18554 ||| INVOKING Finesse.
 18642 | Abyss:2  | Noticed a lich
 18642 | Abyss:2  | 18642 ||| INVOKING Heroism.
 18643 | Abyss:2  | 18643 ||| INVOKING Finesse.
 18751 | Abyss:2  | 18751 ||| Invisibility monster not found???
 18858 | Abyss:2  | Found a corrupted altar of Lugonu.
 18874 | Abyss:2  | 18874 ||| Stepping ~*~*~tactically~*~*~ (outnumbered).
 18875 | Abyss:2  | 18875 ||| Stepping ~*~*~tactically~*~*~ (outnumbered).
 18935 | Abyss:2  | 18935 ||| INVOKING Heroism.
 18973 | Abyss:2  | Lost intelligence.
 18983 | Abyss:2  | Reached skill level 16 in Fighting
 18983 | Abyss:2  | 18983 ||| INVOKING Heroism.
 18990 | D:13     | Escaped the Abyss
 19194 | D:13     | 19194 ||| READING scroll of enchant armour.
 19194 | D:13     | 19194 ||| ENCHANTING +1 pair of boots.
 19263 | D:13     | 19263 ||| INVOKING Heroism.
 19735 | D:13     | 19735 ||| INVOKING Heroism.
 19744 | D:13     | Reached skill level 15 in Dodging
 19859 | D:13     | 19859 ||| READING scroll of enchant armour.
 19859 | D:13     | 19859 ||| ENCHANTING +1 cloak.
 19962 | D:13     | 19962 ||| Stepping randomly (disturbance).
 20037 | D:14     | 20037 ||| INVOKING Heroism.
 20109 | D:14     | 20109 ||| INVOKING Heroism.
 20120 | D:14     | Reached skill level 17 in Fighting
 20563 | D:14     | Reached XP level 16. HP: 155/155 MP: 22/22
 20577 | D:14     | Reached ****** piety under Okawaru
 20873 | D:15     | Entered Level 15 of the Dungeon
 20874 | D:15     | 20874 ||| INVOKING Heroism.
 20896 | D:15     | Found a sparkling altar of Nemelex Xobeh.
 20907 | D:15     | 20907 ||| Stepping ~*~*~tactically~*~*~ (outnumbered).
 20908 | D:15     | 20908 ||| Stepping ~*~*~tactically~*~*~ (outnumbered).
 20909 | D:15     | 20909 ||| Stepping ~*~*~tactically~*~*~ (outnumbered).
 20910 | D:15     | 20910 ||| Stepping ~*~*~tactically~*~*~ (outnumbered).
 20912 | D:15     | 20912 ||| Stepping ~*~*~tactically~*~*~ (outnumbered).
 20914 | D:15     | 20914 ||| Stepping ~*~*~tactically~*~*~ (outnumbered).
 20915 | D:15     | 20915 ||| Stepping ~*~*~tactically~*~*~ (outnumbered).
 20921 | D:15     | 20921 ||| Stepping ~*~*~tactically~*~*~ (outnumbered).
 20934 | D:15     | Received a gift from Okawaru
 20945 | D:15     | 20945 ||| INVOKING Heroism.
 20970 | D:15     | 20970 ||| FLEEEEING.
 20977 | D:15     | 20977 ||| STAIRDANCE
 21167 | D:15     | Found a staircase to the Depths.
 21168 | D:15     | 21168 ||| INVOKING Heroism.
 21169 | D:15     | 21169 ||| INVOKING Finesse.
 21295 | D:15     | 21295 ||| READING scroll of enchant weapon.
 21295 | D:15     | 21295 ||| ENCHANTING +5 longbow of flaming.
 21463 | D:15     | 21463 ||| Stepping ~*~*~tactically~*~*~ (outnumbered).
 21497 | D:15     | 21497 ||| INVOKING Heroism.
 21601 | D:15     | 21601 ||| INVOKING Heroism.
 21687 | D:15     | 21687 ||| PLANNING ORC
 21687 | D:15     | 21687 ||| DROPPING ring of protection from cold.
 21767 | Orc:1    | Entered Level 1 of the Orcish Mines
 21768 | Orc:1    | 21768 ||| INVOKING Heroism.
 21873 | Orc:1    | Noticed Snorg
 21880 | Orc:1    | Killed Snorg
 22067 | Orc:2    | Entered Level 2 of the Orcish Mines
 22325 | Orc:2    | 22325 ||| INVOKING Heroism.
 22333 | Orc:2    | 22333 ||| Stepping ~*~*~tactically~*~*~ (outnumbered).
 22424 | Orc:2    | 22424 ||| Stepping ~*~*~tactically~*~*~ (outnumbered).
 22439 | Orc:2    | 22439 ||| INVOKING Heroism.
 22446 | Orc:2    | Reached skill level 18 in Fighting
 22550 | Orc:2    | Found a staircase to the Elven Halls.
 22565 | Orc:2    | 22565 ||| INVOKING Heroism.
 22670 | Orc:2    | 22670 ||| INVOKING Heroism.
 22761 | Orc:2    | Found Exezo Keh's Armour Boutique.
 22762 | Orc:2    | 22762 ||| Stepping ~*~*~tactically~*~*~ (outnumbered).
 22780 | Orc:2    | Found Pubbur's Book Emporium.
 22781 | Orc:2    | 22781 ||| INVOKING Heroism.
 22859 | Orc:2    | Found Muehivyu's Antique Armour Emporium.
 22860 | Orc:2    | 22860 ||| INVOKING Heroism.
 22861 | Orc:2    | 22861 ||| Stepping ~*~*~tactically~*~*~ (outnumbered).
 22897 | Orc:2    | 22897 ||| BUYING dyed leather armour (140 gold).
 22897 | Orc:2    | Bought a dyed leather armour for 140 gold pieces
 22897 | Orc:2    | 22897 ||| BUYING embroidered scarf (224 gold).
 22897 | Orc:2    | Bought an embroidered scarf for 224 gold pieces
 22897 | Orc:2    | 22897 ||| BUYING runed leather armour (140 gold).
 22897 | Orc:2    | Bought a runed leather armour for 140 gold pieces
 22897 | Orc:2    | 22897 ||| BUYING shimmering leather armour (196 gold).
 22897 | Orc:2    | Bought a shimmering leather armour for 196 gold pieces
 22897 | Orc:2    | Identified the +3 leather armour of Ciffuhap {Harm Drain
                  | rF+ Int+4} (You bought it in a shop on level 2 of the
                  | Orcish Mines)
 22902 | Orc:2    | Found Domoulio's Weapon Boutique.
 22903 | Orc:2    | 22903 ||| INVOKING Heroism.
 22922 | Orc:2    | Received a gift from Okawaru
 23036 | Orc:2    | 23036 ||| PLANNING SWAMP:1-3
 23036 | Orc:2    | 23036 ||| UPGRADING to scarf of repulsion.
 23046 | Orc:2    | 23046 ||| DROPPING +2 leather armour of positive energy.
 23220 | Swamp:1  | Entered Level 1 of the Swamp
 23242 | Swamp:1  | 23242 ||| READING scroll of acquirement.
 23242 | Swamp:1  | 23242 ||| ACQUIRING amulet of the Solemn Plum {Reflect
                  | rPois rC+ rN+++ Dex-4 SH+5}
 23242 | Swamp:1  | Acquired the amulet of the Solemn Plum {Reflect rPois rC+
                  | rN+++ Dex-4 SH+5}
 23258 | Swamp:1  | 23258 ||| FLEEEEING.
 23446 | Swamp:1  | 23446 ||| INVOKING Heroism.
 23451 | Swamp:1  | 23451 ||| Stepping ~*~*~tactically~*~*~ (water).
 23618 | Swamp:1  | 23618 ||| INVOKING Heroism.
 23659 | Swamp:1  | Noticed Donald
 23660 | Swamp:1  | 23660 ||| INVOKING Heroism.
 23661 | Swamp:1  | 23661 ||| INVOKING Finesse.
 23668 | Swamp:1  | Killed Donald
 23669 | Swamp:1  | 23669 ||| Stepping ~*~*~tactically~*~*~ (cloud).
 23676 | Swamp:1  | Reached skill level 19 in Fighting
 23696 | Swamp:1  | Noticed Louise
 23697 | Swamp:1  | 23697 ||| INVOKING Heroism.
 23698 | Swamp:1  | 23698 ||| INVOKING Finesse.
 23700 | Swamp:1  | Killed Louise
 24074 | Swamp:1  | 24074 ||| UPGRADING to +0 swamp dragon scales.
 24116 | Swamp:2  | 24116 ||| INVOKING Heroism.
 24119 | Swamp:2  | 24119 ||| Stepping ~*~*~tactically~*~*~ (water).
 24172 | Swamp:2  | Reached skill level 9 in Armour
 24173 | Swamp:2  | 24173 ||| INVOKING Heroism.
 24439 | Swamp:2  | 24439 ||| Stepping ~*~*~tactically~*~*~ (water).
 24587 | Swamp:2  | Reached XP level 17. HP: 168/168 MP: 23/23
 24667 | Swamp:2  | 24667 ||| FLEEEEING.
 24670 | Swamp:2  | 24670 ||| INVOKING Heroism.
 24674 | Swamp:2  | HP: 40/168 [will-o-the-wisp/foxfire (12)]
 24675 | Swamp:2  | 24675 ||| DRINKING 3 potions of heal wounds.
 24677 | Swamp:2  | 24677 ||| Stepping ~*~*~tactically~*~*~ (cloud).
 24678 | Swamp:2  | 24678 ||| Stepping ~*~*~tactically~*~*~ (cloud).
 24986 | Swamp:3  | 24986 ||| INVOKING Heroism.
 24996 | Swamp:3  | Received a gift from Okawaru
 24996 | Swamp:3  | Found the +3 Mad Mage's Maulers {Infuse+∞ VampMP -Cast}
 25053 | Swamp:3  | 25053 ||| STAIRDANCE
 25263 | Swamp:3  | 25263 ||| INVOKING Heroism.
 25264 | Swamp:3  | 25264 ||| Stepping ~*~*~tactically~*~*~ (outnumbered).
 25621 | Swamp:3  | 25621 ||| PLANNING SPIDER:1-3
 25621 | Swamp:3  | 25621 ||| DROPPING amulet of regeneration.
 25720 | Spider:1 | Entered Level 1 of the Spider Nest
 25723 | Spider:1 | 25723 ||| STAIRDANCE
 25727 | Spider:1 | 25727 ||| STAIRDANCE
 25729 | Lair:3   | 25729 ||| INVOKING Heroism.
 25736 | Lair:3   | Reached skill level 12 in Armour
 25901 | Spider:1 | 25901 ||| INVOKING Heroism.
 26000 | Spider:1 | 26000 ||| INVOKING Finesse.
 26007 | Spider:1 | 26007 ||| Stepping ~*~*~tactically~*~*~ (outnumbered).
 26089 | Spider:1 | 26089 ||| INVOKING Finesse.
 26286 | Spider:1 | 26286 ||| INVOKING Finesse.
 26295 | Spider:1 | Noticed Rupert
 26296 | Spider:1 | 26296 ||| INVOKING Heroism.
 26305 | Spider:1 | Killed Rupert
 26383 | Spider:1 | Noticed Frances
 26384 | Spider:1 | 26384 ||| INVOKING Heroism.
 26400 | Spider:1 | Killed Frances
 26492 | Spider:1 | Identified the +0 great mace of Ignis, Muttering {protect,
                  | rN+ Str+2 Dex+3}
 26601 | Spider:1 | 26601 ||| INVOKING Heroism.
 26855 | Spider:1 | 26855 ||| DROPPING ring of fire.
 26892 | Spider:2 | Reached skill level 20 in Fighting
 26967 | Spider:2 | 26967 ||| INVOKING Heroism.
 26969 | Spider:2 | 26969 ||| Stepping ~*~*~tactically~*~*~ (outnumbered).
 27098 | Spider:2 | 27098 ||| Stepping ~*~*~tactically~*~*~ (outnumbered).
 27126 | Spider:2 | 27126 ||| INVOKING Finesse.
 27257 | Spider:2 | 27257 ||| INVOKING Finesse.
 27371 | Spider:2 | 27371 ||| FLEEEEING.
 27372 | Spider:2 | 27372 ||| FLEEEEING.
 27373 | Spider:2 | 27373 ||| FLEEEEING.
 27374 | Spider:2 | 27374 ||| FLEEEEING.
 27376 | Spider:2 | 27376 ||| FLEEEEING.
 27378 | Spider:2 | 27378 ||| FLEEEEING.
 27379 | Spider:2 | 27379 ||| FLEEEEING.
 27380 | Spider:2 | 27380 ||| FLEEEEING.
 27381 | Spider:2 | 27381 ||| FLEEEEING.
 27382 | Spider:2 | 27382 ||| FLEEEEING.
 27383 | Spider:2 | 27383 ||| FLEEEEING.
 27384 | Spider:2 | 27384 ||| FLEEEEING.
 27385 | Spider:2 | 27385 ||| FLEEEEING.
 27386 | Spider:2 | 27386 ||| FLEEEEING.
 27387 | Spider:2 | 27387 ||| FLEEEEING.
 27388 | Spider:2 | 27388 ||| FLEEEEING.
 27389 | Spider:2 | 27389 ||| FLEEEEING.
 27390 | Spider:2 | 27390 ||| FLEEEEING.
 27391 | Spider:2 | 27391 ||| FLEEEEING.
 27392 | Spider:2 | 27392 ||| FLEEEEING.
 27420 | Spider:2 | Reached skill level 18 in Dodging
 27676 | Spider:2 | 27676 ||| INVOKING Heroism.
 27764 | Spider:2 | 27764 ||| READING scroll of enchant weapon.
 27764 | Spider:2 | 27764 ||| ENCHANTING +6 longbow of flaming.
 28327 | Spider:2 | 28327 ||| DROPPING +0 leather armour of willpower.
 28328 | Spider:2 | 28328 ||| DROPPING +6 ring of strength.
 28408 | Spider:3 | Noticed Nikola
 28409 | Spider:3 | 28409 ||| INVOKING Heroism.
 28410 | Spider:3 | 28410 ||| INVOKING Finesse.
 28425 | Spider:3 | Killed Nikola
 28483 | Spider:3 | 28483 ||| READING scroll of enchant weapon.
 28483 | Spider:3 | 28483 ||| ENCHANTING +7 longbow of flaming.
 28524 | Spider:3 | Reached skill level 21 in Fighting
 28524 | Spider:3 | Reached XP level 18. HP: 182/182 MP: 10/24
 28554 | Spider:3 | 28554 ||| INVOKING Heroism.
 28709 | Spider:3 | 28709 ||| INVOKING Finesse.
 28901 | Spider:3 | 28901 ||| PLANNING SWAMP:4
 29035 | Swamp:4  | Entered Level 4 of the Swamp
 29036 | Swamp:4  | 29036 ||| INVOKING Heroism.
 29188 | Swamp:4  | 29188 ||| Stepping ~*~*~tactically~*~*~ (cloud).
 29291 | Swamp:4  | 29291 ||| INVOKING Heroism.
 29300 | Swamp:4  | 29300 ||| Stepping ~*~*~tactically~*~*~ (water).
 29423 | Swamp:4  | 29423 ||| INVOKING Heroism.
 29424 | Swamp:4  | 29424 ||| INVOKING Finesse.
 29509 | Swamp:4  | Got a decaying rune of Zot
 29566 | Swamp:4  | 29566 ||| INVOKING Heroism.
 29753 | Swamp:4  | 29753 ||| INVOKING Heroism.
 29754 | Swamp:4  | 29754 ||| INVOKING Finesse.
 29828 | Swamp:4  | Received a gift from Okawaru
 29899 | Swamp:4  | 29899 ||| Stepping ~*~*~tactically~*~*~ (water).
 30066 | Swamp:4  | 30066 ||| PLANNING VAULTS:1-4
 30066 | Swamp:4  | 30066 ||| DROPPING +1 pair of gloves.
 30308 | Vaults:1 | Entered Level 1 of the Vaults
 30375 | Vaults:1 | 30375 ||| Stepping ~*~*~tactically~*~*~ (outnumbered).
 30505 | Vaults:1 | 30505 ||| Stepping ~*~*~tactically~*~*~ (outnumbered).
 30538 | Vaults:1 | 30538 ||| READING scroll of enchant armour.
 30538 | Vaults:1 | 30538 ||| ENCHANTING +0 swamp dragon scales.
 30637 | Vaults:1 | 30637 ||| Stepping ~*~*~tactically~*~*~ (outnumbered).
 30638 | Vaults:1 | 30638 ||| Stepping ~*~*~tactically~*~*~ (outnumbered).
 30641 | Vaults:1 | Reached skill level 22 in Fighting
 30816 | Vaults:1 | 30816 ||| INVOKING Heroism.
 30817 | Vaults:1 | 30817 ||| INVOKING Finesse.
 30892 | Vaults:1 | 30892 ||| Stepping ~*~*~tactically~*~*~ (outnumbered).
 30929 | Vaults:1 | Noticed Zenata
 30930 | Vaults:1 | 30930 ||| INVOKING Heroism.
 30931 | Vaults:1 | 30931 ||| INVOKING Finesse.
 30934 | Vaults:1 | 30934 ||| Stepping ~*~*~tactically~*~*~ (outnumbered).
 30938 | Vaults:1 | 30938 ||| Stepping ~*~*~tactically~*~*~ (outnumbered).
 30939 | Vaults:1 | 30939 ||| Stepping ~*~*~tactically~*~*~ (outnumbered).
 30956 | Vaults:1 | HP: 44/182 [+3 halberd of freezing[Zenata] (13)]
 30957 | Vaults:1 | 30957 ||| READING 10 scrolls of teleportation.
 30957 | Vaults:1 | HP: 19/182 [+3 halberd of freezing[Zenata] (7)]
 30958 | Vaults:1 | 30958 ||| DRINKING 4 potions of heal wounds.
 30959 | Vaults:1 | 30959 ||| DRINKING 3 potions of heal wounds.
 30960 | Vaults:1 | 30960 ||| DRINKING 2 potions of heal wounds.
 31265 | Vaults:1 | 31265 ||| DRINKING 12 potions of curing.
 31265 | Vaults:1 | 31265 ||| (to cure confusion)
 31334 | Vaults:1 | Noticed Saint Roka
 31343 | Vaults:1 | 31343 ||| FLEEEEING.
 31345 | Vaults:1 | 31345 ||| FLEEEEING.
 31352 | Vaults:1 | 31352 ||| FLEEEEING.
 31353 | Vaults:1 | 31353 ||| FLEEEEING.
 31354 | Vaults:1 | 31354 ||| FLEEEEING.
 31355 | Vaults:1 | 31355 ||| FLEEEEING.
 31356 | Vaults:1 | 31356 ||| FLEEEEING.
 31357 | Vaults:1 | 31357 ||| FLEEEEING.
 31358 | Vaults:1 | 31358 ||| FLEEEEING.
 31359 | Vaults:1 | 31359 ||| FLEEEEING.
 31360 | Vaults:1 | 31360 ||| FLEEEEING.
 31361 | Vaults:1 | 31361 ||| FLEEEEING.
 31362 | Vaults:1 | 31362 ||| FLEEEEING.
 31368 | Vaults:1 | 31368 ||| FLEEEEING.
 31369 | Vaults:1 | 31369 ||| FLEEEEING.
 31370 | Vaults:1 | 31370 ||| FLEEEEING.
 31371 | Vaults:1 | 31371 ||| FLEEEEING.
 31382 | Vaults:1 | 31382 ||| INVOKING Heroism.
 31383 | Vaults:1 | 31383 ||| INVOKING Finesse.
 31395 | Vaults:1 | Killed Saint Roka
 31398 | Vaults:1 | Reached skill level 15 in Armour
 31410 | Vaults:1 | Killed Zenata
 31519 | Vaults:1 | Found Weixyh's General Store.
 31944 | Vaults:1 | 31944 ||| DROPPING scarf of repulsion.
 32062 | Vaults:2 | Identified the +7 chain mail of the Game Afoot {Str+3
                  | Dex+4} (Okawaru gifted it to you on level 2 of the Vaults)
 32062 | Vaults:2 | Received a gift from Okawaru
 32268 | Vaults:2 | 32268 ||| FLEEEEING.
 32269 | Vaults:2 | 32269 ||| FLEEEEING.
 32271 | Vaults:2 | 32271 ||| FLEEEEING.
 32272 | Vaults:2 | 32272 ||| FLEEEEING.
 32273 | Vaults:2 | 32273 ||| FLEEEEING.
 32274 | Vaults:2 | 32274 ||| FLEEEEING.
 32275 | Vaults:2 | 32275 ||| FLEEEEING.
 32276 | Vaults:2 | 32276 ||| FLEEEEING.
 32277 | Vaults:2 | 32277 ||| FLEEEEING.
 32281 | Vaults:2 | 32281 ||| FLEEEEING.
 32283 | Vaults:2 | 32283 ||| FLEEEEING.
 32284 | Vaults:2 | 32284 ||| FLEEEEING.
 32285 | Vaults:2 | 32285 ||| INVOKING Heroism.
 32286 | Vaults:2 | 32286 ||| INVOKING Finesse.
 32876 | Vaults:2 | Reached XP level 19. HP: 191/191 MP: 25/25
 32882 | Vaults:2 | 32882 ||| FLEEEEING.
 32883 | Vaults:2 | 32883 ||| FLEEEEING.
 32884 | Vaults:2 | 32884 ||| FLEEEEING.
 32885 | Vaults:2 | 32885 ||| FLEEEEING.
 32886 | Vaults:2 | 32886 ||| FLEEEEING.
 32887 | Vaults:2 | 32887 ||| FLEEEEING.
 32888 | Vaults:2 | 32888 ||| FLEEEEING.
 32889 | Vaults:2 | 32889 ||| FLEEEEING.
 32890 | Vaults:2 | 32890 ||| FLEEEEING.
 32893 | Vaults:2 | 32893 ||| FLEEEEING.
 32894 | Vaults:2 | 32894 ||| FLEEEEING.
 32895 | Vaults:2 | 32895 ||| FLEEEEING.
 32896 | Vaults:2 | 32896 ||| FLEEEEING.
 32897 | Vaults:2 | 32897 ||| FLEEEEING.
 32898 | Vaults:2 | 32898 ||| FLEEEEING.
 32899 | Vaults:2 | 32899 ||| FLEEEEING.
 32900 | Vaults:2 | 32900 ||| FLEEEEING.
 32901 | Vaults:2 | 32901 ||| FLEEEEING.
 32907 | Vaults:2 | 32907 ||| FLEEEEING.
 32908 | Vaults:2 | 32908 ||| FLEEEEING.
 32909 | Vaults:2 | 32909 ||| FLEEEEING.
 32910 | Vaults:2 | 32910 ||| FLEEEEING.
 32911 | Vaults:2 | 32911 ||| FLEEEEING.
 32916 | Vaults:2 | 32916 ||| FLEEEEING.
 32917 | Vaults:2 | 32917 ||| FLEEEEING.
 32923 | Vaults:2 | 32923 ||| FLEEEEING.
 32924 | Vaults:2 | 32924 ||| FLEEEEING.
 32930 | Vaults:2 | 32930 ||| FLEEEEING.
 32931 | Vaults:2 | 32931 ||| FLEEEEING.
 32932 | Vaults:2 | 32932 ||| FLEEEEING.
 32933 | Vaults:2 | 32933 ||| FLEEEEING.
 32934 | Vaults:2 | 32934 ||| FLEEEEING.
 32935 | Vaults:2 | 32935 ||| FLEEEEING.
 32936 | Vaults:2 | 32936 ||| FLEEEEING.
 32937 | Vaults:2 | 32937 ||| FLEEEEING.
 32938 | Vaults:2 | 32938 ||| FLEEEEING.
 32939 | Vaults:2 | 32939 ||| FLEEEEING.
 32940 | Vaults:2 | 32940 ||| FLEEEEING.
 32941 | Vaults:2 | 32941 ||| FLEEEEING.
 32946 | Vaults:2 | 32946 ||| INVOKING Heroism.
 32947 | Vaults:2 | 32947 ||| INVOKING Finesse.
 33819 | Vaults:3 | 33819 ||| INVOKING Heroism.
 33830 | Vaults:3 | Reached skill level 23 in Fighting
 33853 | Vaults:3 | 33853 ||| READING scroll of enchant weapon.
 33853 | Vaults:3 | 33853 ||| ENCHANTING +8 longbow of flaming.
 33889 | Vaults:3 | 33889 ||| Stepping ~*~*~tactically~*~*~ (outnumbered).
 33891 | Vaults:3 | 33891 ||| Stepping ~*~*~tactically~*~*~ (outnumbered).
 33893 | Vaults:3 | 33893 ||| Stepping ~*~*~tactically~*~*~ (outnumbered).
 33927 | Vaults:3 | Received a gift from Okawaru
 34030 | Vaults:3 | 34030 ||| READING scroll of enchant armour.
 34030 | Vaults:3 | 34030 ||| ENCHANTING +1 swamp dragon scales.
 34117 | Vaults:3 | Paralysed by a great orb of eyes for 3 turns
 34146 | Vaults:3 | Found a staircase to the Crypt.
 34164 | Vaults:3 | 34164 ||| INVOKING Heroism.
 34183 | Vaults:3 | 34183 ||| INVOKING Heroism.
 34400 | Vaults:3 | Noticed Frederick
 34401 | Vaults:3 | 34401 ||| INVOKING Heroism.
 34402 | Vaults:3 | 34402 ||| INVOKING Finesse.
 34412 | Vaults:3 | Killed Frederick
 34490 | Vaults:3 | 34490 ||| INVOKING Heroism.
 34521 | Vaults:3 | HP: 44/195 [yaktaur captain (32)]
 34522 | Vaults:3 | 34522 ||| READING 9 scrolls of teleportation.
 34523 | Vaults:3 | 34523 ||| DRINKING 3 potions of heal wounds.
 34524 | Vaults:3 | 34524 ||| DRINKING 2 potions of heal wounds.
 34525 | Vaults:3 | 34525 ||| DRINKING potion of heal wounds.
 34528 | Vaults:3 | 34528 ||| READING 8 scrolls of teleportation.
 34529 | Vaults:3 | HP: 45/196 [entropy weaver (6)]
 34535 | Vaults:3 | 34535 ||| READING 7 scrolls of teleportation.
 34539 | Vaults:3 | 34539 ||| READING 6 scrolls of teleportation.
 34543 | Vaults:3 | 34543 ||| FLEEEEING.
 34544 | Vaults:3 | 34544 ||| FLEEEEING.
 34545 | Vaults:3 | 34545 ||| READING 5 scrolls of teleportation.
 34546 | Vaults:3 | 34546 ||| INVOKING Heroism.
 34550 | Vaults:3 | 34550 ||| READING 4 scrolls of teleportation.
 34554 | Vaults:3 | 34554 ||| Stepping ~*~*~tactically~*~*~ (outnumbered).
 34561 | Vaults:3 | 34561 ||| READING 3 scrolls of teleportation.
 34565 | Vaults:3 | 34565 ||| READING 2 scrolls of teleportation.
 34569 | Vaults:3 | HP: 29/198 [yaktaur captain/bolt (35)]
 34570 | Vaults:3 | 34570 ||| READING scroll of teleportation.
 34571 | Vaults:3 | Shot with a bolt by a yaktaur captain

Levels and vault maps discovered:
D:1:      wander_arrival_chamber, layout_basic, minmay_worlds_worst_comb
D:2:      layout_basic, shapermc_ecumenical_altar_venn, serial_shops,
          nicolae_shop_mannequins
D:3:      layout_basic, nicolae_ru_awakened_eye, mainiacjoe_overflow_alcove_1,
          grunt_gozag_statues, gammafunk_ghost_icy, minmay_goblin_kobold_house
D:4:      due_chaos_kobolds, layout_basic, lemuel_round_altar,
          overflow_temple_1_default, serial_shops, shop, minmay_rat_hole,
          uniq_edmund
D:5:      layout_basic, mainiacjoe_overflow_brackets, serial_shops, shop,
          uniq_blork_the_orc
D:6:      layout_cave_pools, serial_shops, shop, nicolae_diamond_shop,
          nicolae_diamond_shop, shop
D:7:      layout_loops_corners, ashenzari_conservatory_becter,
          lemuel_coloured_pillars_altar, minmay_temple_entry_glassed_door,
          minivault_11, st_stairs_7, minmay_quadrilaterals
D:8:      kennysheep_big_flooded_room, layout_loops_ring, serial_undead,
          serial_undead_d, serial_undead_b, serial_undead_a, serial_undead_a,
          minmay_misc_feat_rows
D:9:      layout_roguey, kennysheep_okawaru_gauntlet, minmay_lair_entry_grove,
          serial_curves, eino_curves_03, eino_curves_02, eino_curves_01,
          eino_curves_04
D:10:     layout_loops_ring, bloody_trog, mainiacjoe_overflow_small_starburst,
          serial_shops, nicolae_shop_window_shopping, grunt_ministairs_14,
          minmay_misc_feat_room, hangedman_fish_farm
D:11:     layout_loops_corners, hellmonk_ghost_happy_afterlife,
          nicolae_straight_to_the_point
D:12:     layout_basic, erik_orc_4, special_room [special_room_orc]
D:13:     layout_roguey, grunt_vaults_entry_tiered, minivault_1,
          minmay_crystal_room
D:14:     layout_loops_ring, serial_demonic, serial_demonic_e, serial_demonic_b,
          serial_demonic_e, serial_demonic_e, kennysheep_donut
D:15:     grunt_enter_depths_giant_problem, layout_rooms,
          nemelex_xobeh_ov_fountains_minmay, wad_rectangle_vault
Temple:   minmay_freezing_vapour_temple
Lair:1:   layout_roguey, ebering_ghost_funeral_grove,
          infiniplex_staircase_pool_2, uniq_nergalle, uniq_amaemon, uniq_grum
Lair:2:   layout_chaotic_city, serial_bayou_pond_e, uniq_urug
Lair:3:   layout_small_grid, swamp_mist, hellmonk_spider_entry_life_and_decay,
          portal_ice_cave_entry_imps, basic_altar, minmay_lair_oklob_bushes,
          lemuel_fruit_fields
Lair:4:   layout_cave_pods, dpeg_slime_entry_enclosed,
          chequers_serial_rivers_micro_b, nicolae_quartered_pool_little,
          serial_bayou_shore_b, grunt_megastairs_3, uniq_nessos
Lair:5:   evilmike_catoblepas_cave, layout_layer_cave,
          gammafunk_ghost_abyssal_escape, tgw_fedhas, uniq_sonja
Swamp:1:  layout_basic_swamp, evilmike_swamp_ruin_wall, swamp_pool1,
          uniq_donald, uniq_louise
Swamp:2:  layout_basic_swamp, nicolae_swamp_rocky_clearing
Swamp:3:  layout_basic_swamp, nicolae_swamp_dense_foliage
Swamp:4:  swamp_alternative, layout_basic_swamp
Spider:1: layout_spider_delve, hellmonk_narrow_tunnel,
          hangedman_spider_tarantella_strand, uniq_rupert, uniq_frances
Spider:2: layout_chambers, nicolae_spider_nooks_and_crannies
Spider:3: layout_spider_delve, drop_trap, uniq_nikola
Orc:1:    layout_caves, mines2_david, uniq_snorg
Orc:2:    st_orc_town, layout_caves
Vaults:1: v_misc_17, v_alt_pattern_2, nicolae_vaults_door_testing_chamber,
          nicolae_vaults_octothorpe, vaults_dpeg_ring, layout_vaults_quadrants,
          serial_shops, nicolae_shop_behind_doors, uniq_zenata, uniq_saint_roka
Vaults:2: nicolae_vaults_security_offices_5, nicolae_vaults_storage_closets_2,
          nicolae_vaults_tetromino_Z_2, v_rooms_4,
          nicolae_vaults_closet_pinwheel_4, nicolae_vaults_double_plus_1,
          nicolae_vaults_stepped_doors, ontoclasm_vaults_spin, v_misc_8,
          nicolae_vaults_layer_cake_slice, nicolae_vaults_six-pack,
          ontoclasm_vaults_ligature, nicolae_vaults_little_squares_6,
          nicolae_vaults_trapezoid_lopsided_3, layout_vaults_ring
Vaults:3: v_pattern_2, nicolae_vaults_two_Ls, nicolae_vaults_puzzle_piece,
          dpeg_vaults_monster_row, nicolae_vaults_what_the_h,
          minmay_crypt_entry_simple_round, vaults_dpeg_hooks, vaults_room_pools,
          v_rooms_1, ontoclasm_vaults_decontamination,
          nicolae_vaults_diagonal_hallway_9, v_rooms_3,
          nicolae_vaults_offset_grid_hallway_1, nicolae_vaults_double_plus_1,
          nicolae_vaults_trapezoid_layered, layout_vaults_omnibox,
          uniq_frederick

Skill      XL: |  1  2  3  4  5  6  7  8  9 10 11 12 13 14 15 16 17 18 19 |
---------------+----------------------------------------------------------+-----
Ranged Weapons | 5 6 7 9 10 12 14 15 16 18 20 | 20.0
Fighting       | 3 4 5 7 8 9 10 11 12 14 17 19 21 22 23 | 23.7
Armour         | 1 2 3 4 5 6 8 9 13 15 16 | 16.0
Dodging        | 3 4 5 7 8 9 11 12 15 17 18 19 20 | 20.0
Invocations    | 4 7 10 | 10.0
Stealth        | |  0.7

Action                     |  1- 3 |  4- 6 |  7- 9 | 10-12 | 13-15 | 16-18 | 19-21 || total
---------------------------+-------+-------+-------+-------+-------+-------+-------++-------
   Fire: Shortbow          |    90 |   192 |    64 |     4 |       |       |       ||   350
         Longbow           |       |       |   200 |   551 |  1352 |  1632 |   373 ||  4108
 Invoke: Heroism           |       |       |       |    24 |    29 |    40 |     7 ||   100
         Finesse           |       |       |       |     3 |    11 |    16 |     2 ||    32
    Use: Scroll            |     5 |    11 |     9 |     4 |    10 |     6 |    11 ||    56
         Potion            |       |     3 |     1 |     1 |       |     5 |     3 ||    13
 Armour: Leather armour    |     7 |       |       |       |    82 |    33 |       ||   122
         Ring mail         |     7 |    67 |    51 |       |       |       |       ||   125
         Steam dragon scal |       |       |    12 |    49 |       |       |       ||    61
         Troll leather arm |       |       |       |    79 |    50 |       |       ||   129
         Swamp dragon scal |       |       |       |       |       |    94 |    57 ||   151
  Dodge: Dodged            |    15 |   100 |    87 |   385 |   396 |   577 |   354 ||  1914
         Repelled          |       |       |       |       |       |    11 |     2 ||    13

Table legend:
 A = Non-vault XP
 B = Vault XP
 C = Vault XP percentage of total XP
 D = Non-vault monster count
 E = Vault monster count
 F = Vault count percentage of total count
                 A         B        C        D         E       F
            +---------+---------+-------+---------+---------+-------
      Total |  299816 |  135820 |  31.2 |     878 |     368 |  29.5
            +---------+---------+-------+---------+---------+-------
        D:1 |      47 |      10 |  17.5 |      22 |       5 |  18.5
        D:2 |      57 |       0 |   0.0 |      16 |       0 |   0.0
        D:3 |      23 |       4 |  14.8 |       8 |       2 |  20.0
        D:4 |     278 |     201 |  42.0 |      21 |      20 |  48.8
        D:5 |     610 |      90 |  12.9 |      24 |       1 |   4.0
        D:6 |     480 |       0 |   0.0 |      11 |       0 |   0.0
        D:7 |     804 |     437 |  35.2 |      11 |       6 |  35.3
        D:8 |     665 |    2159 |  76.5 |      10 |      13 |  56.5
        D:9 |    2322 |    2251 |  49.2 |      27 |      14 |  34.1
       D:10 |    2035 |    1265 |  38.3 |      13 |       5 |  27.8
       D:11 |    3669 |       0 |   0.0 |      20 |       0 |   0.0
       D:12 |    9239 |    2095 |  18.5 |      26 |      40 |  60.6
       D:13 |    8144 |    7412 |  47.6 |      19 |      24 |  55.8
       D:14 |   11717 |    1551 |  11.7 |      22 |       3 |  12.0
       D:15 |   12005 |    5006 |  29.4 |      26 |       7 |  21.2
     Lair:1 |    5255 |    2387 |  31.2 |      16 |       6 |  27.3
     Lair:2 |   11040 |     788 |   6.7 |      46 |       1 |   2.1
     Lair:3 |   13863 |    1584 |  10.3 |      40 |      17 |  29.8
     Lair:4 |   11137 |    6367 |  36.4 |      36 |       9 |  20.0
     Lair:5 |   20877 |   11667 |  35.8 |      62 |      25 |  28.7
    Swamp:1 |   14791 |    2502 |  14.5 |      23 |       2 |   8.0
    Swamp:2 |   12382 |       0 |   0.0 |      20 |       0 |   0.0
    Swamp:3 |   13467 |       0 |   0.0 |      22 |       0 |   0.0
    Swamp:4 |   19223 |   13768 |  41.7 |      29 |      21 |  42.0
   Spider:1 |   17587 |    6479 |  26.9 |      48 |       7 |  12.7
   Spider:2 |   20372 |    1990 |   8.9 |      52 |       6 |  10.3
   Spider:3 |   13743 |    2297 |  14.3 |      30 |       1 |   3.2
      Orc:1 |    2019 |     988 |  32.9 |      25 |       6 |  19.4
      Orc:2 |    5134 |    8144 |  61.3 |      40 |      51 |  56.0
   Vaults:1 |   21222 |   10526 |  33.2 |      33 |      19 |  36.5
   Vaults:2 |   15181 |   25692 |  62.9 |      24 |      34 |  58.6
   Vaults:3 |   16623 |   18160 |  52.2 |      26 |      23 |  46.9
    Abyss:2 |   13805 |       0 |   0.0 |      30 |       0 |   0.0
            +---------+---------+-------+---------+---------+-------
